Description

Full credit for this BO goes to Protoss_SC2 on YouTube - link to the video attached. Thank you Probe!

VOD

https://www.youtube.com/watch?v=dMYYSHfMcVQ

Build Order

Get SALT Encoding   

  14  0:20  Pylon  
  16  0:45  Gateway  
  17  0:48  Assimilator  
  20  1:24  Nexus  
  20  1:34  Cybernetics Core  
  21  1:42  Assimilator  
  22  1:53  Pylon  
  26  2:11  Adept  Start warp gate research
  27  2:24  Stargate  
  28  2:32  Stalker  
  33  2:45  Shield Battery  
  37  3:07  Void Ray  In PvP: two void rays
  41  3:15  Pylon  
  43  3:26  Assimilator x2  
  45  3:39  Stargate  
  47  3:45  Pylon  
  50  4:00  Fleet Beacon  
  52  4:07  Pylon  
  52  4:10  Forge  
  54  4:42  Photon Cannon  
  54  4:44  Carrier x2 (Chrono Boost)  
  66  4:46  Photon Cannon  at natural
  66  4:50  Photon Cannon  at main
  66  4:52  Pylon  
  68  5:03  Pylon  at future 3rd, if possible
  68  5:11  Nexus  if confident. Defend w/ cannons, shield batteries
  74  5:36  Shield Battery  at 3rd
  80  5:39  Carrier x2 (Chrono Boost)  
  80  5:41  Photon Cannon  at 3rd
  82  5:51  Pylon  Start +1 air attack
  84  6:03  Photon Cannon  at 3rd. Optional: harass with first 2 carriers
  88  6:24  Carrier (Chrono Boost)  
  96  6:34  Carrier (Chrono Boost)  
  103  6:41  Pylon  
  104  6:46  Assimilator x2  
  110  7:08  Stargate  
  130  7:53  Pylon x2  at future 4th, start +2 air weapons
Spawning Tool Build Advisor. Get it on Overwolf

Go to:

Details

  • Created by: herpsherp
  • Published on: Jun 15, 2024
  • Modified on: Jun 15, 2024
  • Patch: 5.0.11
  • Difficulty: Medium
Show
View Real Time Build Order
Export as new Build Order

Comments (0)

There are no comments. Be the first!

Create an account to comment!